 Dungeon Crawl Stone Soup version 0.16-a0-3884-g0a5f664 (webtiles) character file.

7209 PrimeNumbers2 the Basher (level 10, -23/79 HPs)
             Began as a Demonspawn Fighter on Feb 2, 2015.
             Was an Elder of Dithmenos.
             Killed from afar by a lindwurm (shapeshifter) (36 damage)
             ... with a blast of flame
             ... on level 10 of the Dungeon.
             The game lasted 01:28:20 (12869 turns).

PrimeNumbers2 the Basher (Demonspawn Fighter)      Turns: 12869, Time: 01:28:21

Health: -23/79     AC: 15    Str: 22    XL:     10   Next: 87%
Magic:  0/10       EV: 16    Int: 10    God:    Dithmenos [****..]
Gold:   148        SH: 11    Dex: 15    Spells: 0 memorised, 9 levels left

rFire  . . .     SeeInvis .     t - +3 whip (vamp)
rCold  . . .     Clarity  .     C - +2 ring mail {MR+}
rNeg   . . .     SustAb   .     c - +0 shield
rPois  .         Gourm    .     (helmet restricted)
rElec  .         Spirit   +     i - +1 cloak
rCorr  .         Warding  .     g - +1 pair of gloves
rMut   .         Stasis   .     G - +0 pair of boots
MR     ++...                    (no amulet)
Stlth  ++++......               y - +2 ring of slaying
                                m - ring of protection from magic

@: mighty, wreathed by umbra, very resistant to hostile enchantments, stealthy
A: antennae 1, repulsion field 2, nightstalker 2, shaggy fur 1, magic shield
a: Shadow Step, Renounce Religion


You were on level 10 of the Dungeon.
You worshipped Dithmenos.
Dithmenos was greatly pleased with you.
You were hungry.

You visited 1 branch of the dungeon, and saw 10 of its levels.

You collected 442 gold pieces.
You spent 294 gold pieces at shops.

Inventory:

Hand weapons
 t - a +3 vampiric whip (weapon)
Armour
 c - a +0 shield (worn)
 g - a +1 pair of gloves (worn)
 h - a +0 plate armour
 i - a +1 cloak (worn)
 p - a +0 chain mail
 C - a +2 ring mail of magic resistance (worn)
 G - a +0 pair of boots (worn)
Jewellery
 f - an uncursed ring of sustain abilities
 j - an uncursed ring of poison resistance
 m - a ring of protection from magic (left hand)
 q - an uncursed ring of flight
 y - a +2 ring of slaying (right hand)
Magical devices
 a - a wand of polymorph (0)
 r - a wand of invisibility (0)
 v - a wand of paralysis (7)
Scrolls
 b - 3 scrolls of amnesia
 e - 2 scrolls of magic mapping
 s - 8 scrolls of remove curse
 x - a scroll of identify
Potions
 n - a potion of invisibility
 u - 2 potions of flight
 w - a potion of magic {unknown}
Comestibles
 d - 2 bread rations
 l - 5 meat rations
 o - 6 fruits
 A - 7 royal jellies
 E - a beef jerky


   Skills:
 + Level 7.4 Fighting
 * Level 9.4 Maces & Flails
 + Level 6.7 Armour
 + Level 6.1 Dodging
 + Level 6.8 Shields


You had 9 spell levels left.
You didn't know any spells.

Dungeon Overview and Level Annotations

Branches:
Dungeon (10/15)            Temple (0/1) D:7
   Lair: D:8-11         Orc: D:9-12

Altars:
Ashenzari
Cheibriados
Dithmenos
Fedhas
Gozag
Makhleb
Nemelex Xobeh
Sif Muna
Trog
Vehumet
Beogh

Shops:
D:5 =

Annotations:
D:5 runed door


Innate Abilities, Weirdness & Mutations

You have a pair of small antennae on your head.
You are surrounded by a moderate repulsion field (EV +3).
You are significantly more attuned to the shadows.
When hurt, damage is shared between your health and your magic reserves.
You are covered in fur (AC +1).


Message History

You block the lindwurm's attack.
You hit the lindwurm but do no damage. The ice beast closely misses you.
The lindwurm breathes flames at you. The blast of flame hits you!
* * * LOW HITPOINT WARNING * * *
The ice beast closely misses you. You block the lindwurm's attack. x3
Drink which item? (? for menu, Esc to quit)
You don't have any such object.
Drink which item? (? for menu, Esc to quit)
You can't drink that!
Drink which item? (? for menu, Esc to quit)
You feel much better. You block the ice beast's attack.
The lindwurm barely misses you. The lindwurm claws you.
* * * LOW HITPOINT WARNING * * *
You block the lindwurm's attack. The ice beast barely misses you.
You feel yourself speed up. The lindwurm breathes flames at you.
The blast of flame hits you!
You die...

..........#
..........#
.........#
.........#
.........#
....>.....#
..........#
...........#
......@....#
...####k...# ..#
#Y...# ..Y.#
#....# ##...#
#....# .....Y#
#....# ......#
#....# .......#
#....#
.......####....#


You could see a lindwurm shaped shifter and an ice beast.

Vanquished Creatures
  Erolcha (D:9)
  Pikel (D:7)
  A two-headed ogre (D:9)
  A troll (D:9)
  A queen bee (D:8)
  Grinder (D:6)
  Prince Ribbit (D:5)
  A wyvern (D:9)
  2 hippogriffs
  Edmund (D:7)
  4 sky beasts
  2 water moccasins (D:5)
  3 orc warriors
  2 eyes of draining (D:5)
  4 ice beasts
  A phantom (D:8)
  4 centaurs
  5 ogres
  Duvessa (D:5)
  2 big kobolds (D:7)
  The ghost of wojtek the Cutter, an average KoAs (D:3)
  16 killer bees (D:8)
  4 wights (D:7)
  A scorpion (D:5)
  4 jellies
  3 goliath beetles
  A crimson imp (D:7)
  Dowan (D:5)
  A giant frog zombie (D:9)
  2 hounds
  A centaur skeleton (D:4)
  5 worker ants
  2 giant frog skeletons
  2 orc priests
  7 orc wizards
  An iguana (D:6)
  A statue (D:8)
  Ijyb (D:2)
  A hound zombie (D:8)
  A worker ant zombie (D:8)
  5 gnolls
  10 adders
  2 worms
  3 adder skeletons
  2 giant geckos
  34 orcs
  A ball python (D:1)
  5 giant cockroaches
  19 goblins
  14 hobgoblins
  16 jackals
  29 kobolds
  4 quokkas
  12 bats
  A giant gecko zombie (D:6)
  7 giant newts
  A quokka skeleton (D:7)
  A quokka zombie (D:5)
  14 rats
  A plant (D:3)
276 creatures vanquished.

Vanquished Creatures (others)
  A bat (D:7)
1 creature vanquished.

Grand Total: 277 creatures vanquished

Notes
Turn   | Place    | Note
--------------------------------------------------------------
     0 | D:1      | PrimeNumbers2, the Demonspawn Fighter, began the quest for the Orb.
     0 | D:1      | Reached XP level 1. HP: 18/18 MP: 1/1
   165 | D:1      | Gained mutation: You are surrounded by a mild repulsion field (EV +2). [demonic ancestry]
   165 | D:1      | Reached XP level 2. HP: 24/24 MP: 2/2
   450 | D:1      | Gained mutation: When hurt, damage is shared between your health and your magic reserves. [demonic ancestry]
   450 | D:1      | Reached XP level 3. HP: 26/29 MP: 3/3
   899 | D:2      | Noticed Ijyb
   919 | D:2      | Killed Ijyb
   942 | D:2      | Gained mutation: You are covered in fur (AC +1). [potion of beneficial mutation]
  1038 | D:2      | Gained mutation: You are slightly more attuned to the shadows. [demonic ancestry]
  1038 | D:2      | Reached XP level 4. HP: 35/35 MP: 2/4
  1345 | D:2      | Reached skill level 1 in Dodging
  1484 | D:2      | Reached XP level 5. HP: 30/41 MP: 3/5
  1768 | D:3      | Found a shattered altar of Ashenzari.
  1831 | D:3      | Noticed wojtek's ghost (average KoAs)
  1859 | D:3      | Killed wojtek's ghost
  1859 | D:3      | Gained mutation: You are surrounded by a moderate repulsion field (EV +3). [demonic ancestry]
  1859 | D:3      | Reached XP level 6. HP: 36/48 MP: 4/6
  2154 | D:3      | Found a blossoming altar of Fedhas.
  2791 | D:4      | Reached skill level 4 in Fighting
  3071 | D:4      | Noticed Prince Ribbit
  3102 | D:5      | Entered Level 5 of the Dungeon
  3273 | D:5      | Found Nuulefrakew's Jewellery Emporium.
  3386 | D:5      | Gained mutation: You are significantly more attuned to the shadows. [demonic ancestry]
  3386 | D:5      | Reached XP level 7. HP: 50/54 MP: 7/7
  3482 | D:5      | Noticed Duvessa
  3482 | D:5      | Noticed Dowan
  4675 | D:5      | Found a burning altar of Makhleb.
  4690 | D:5      | Found a shadowy altar of Dithmenos.
  4691 | D:5      | Found a snail-covered altar of Cheibriados.
  4694 | D:5      | Found an opulent altar of Gozag.
  4695 | D:5      | Found a sparkling altar of Nemelex Xobeh.
  4833 | D:5      | Killed Dowan
  4878 | D:5      | Killed Duvessa
  4913 | D:5      | Became a worshipper of Dithmenos the Shadowed
  4990 | D:5      | Found a runed door.
  5175 | D:5      | Found a bloodstained altar of Trog.
  5204 | D:5      | Reached skill level 5 in Maces & Flails
  5235 | D:5      | Gained mutation: You have a pair of small antennae on your head. [demonic ancestry]
  5235 | D:5      | Reached XP level 8. HP: 61/61 MP: 0/8
  5504 | D:5      | Reached skill level 5 in Fighting
  6020 | D:5      | Reached skill level 6 in Maces & Flails
  6020 | D:5      | Reached skill level 5 in Shields
  6150 | D:5      | Found a roughly hewn altar of Beogh.
  6568 | D:5      | HP: 1/63 [Prince Ribbit (10)]
  7003 | D:5      | Reached skill level 5 in Armour
  7376 | D:6      | Reached XP level 9. HP: 32/68 MP: 5/9
  7561 | D:6      | Noticed Grinder
  7594 | D:6      | Killed Grinder
  7758 | D:7      | Found a staircase to the Ecumenical Temple.
  7781 | D:7      | Noticed Edmund
  7828 | D:7      | Killed Edmund
  7880 | D:7      | Acquired Dithmenos' first power
  7896 | D:7      | Reached skill level 7 in Maces & Flails
  8508 | D:7      | Noticed Pikel
  8549 | D:7      | Killed Pikel
  9140 | D:5      | Bought a +2 ring of slaying for 294 gold pieces
  9302 | D:4      | Reached skill level 5 in Dodging
 10123 | D:5      | Killed Prince Ribbit
 10123 | D:5      | Reached skill level 8 in Maces & Flails
 10327 | D:8      | Reached XP level 10. HP: 77/77 MP: 10/10
 10602 | D:8      | Acquired Dithmenos' second power
 11426 | D:8      | Found a radiant altar of Vehumet.
 11948 | D:9      | Noticed Erolcha
 11976 | D:9      | Killed Erolcha
 11976 | D:9      | Reached skill level 9 in Maces & Flails
 12617 | D:9      | Found a deep blue altar of Sif Muna.
 12699 | D:10     | Entered Level 10 of the Dungeon
 12787 | D:10     | Acquired Dithmenos' third power
 12832 | D:10     | Noticed a hornet
 12832 | D:10     | a troll changed into a hornet
 12840 | D:10     | Paralysed by a hornet for 2 turns
 12844 | D:10     | Paralysed by a hornet for 4 turns
 12854 | D:10     | Paralysed by a hornet for 3 turns
 12855 | D:10     | HP: 3/79 [poisoned by a hornet]
 12856 | D:10     | HP: 1/79 [poisoned by a hornet]
 12859 | D:10     | Noticed a guardian serpent
 12859 | D:10     | a hornet changed into a guardian serpent
 12860 | D:10     | Noticed a lindwurm
 12860 | D:10     | a guardian serpent changed into a lindwurm
 12869 | D:10     | Killed from afar by a lindwurm (shapeshifter)

Action                   |  1- 3 |  4- 6 |  7- 9 | 10-12 || total
-------------------------+-------+-------+-------+-------++-------
Melee: Flail             |   165 |     7 |       |       ||   172
       Whip              |       |   394 |  1153 |   492 ||  2039
       Unarmed           |       |       |     3 |       ||     3
Evoke: Wand              |       |       |     2 |     2 ||     4
  Use: Potion            |     3 |     4 |     8 |     6 ||    21
       Scroll            |       |     9 |     5 |     5 ||    19
 Stab: Sleeping          |       |       |       |    12 ||    12
  Eat: Chunk             |     1 |     6 |    15 |     6 ||    28
       Meat ration       |       |     1 |       |       ||     1
       Fruit             |       |       |     4 |     3 ||     7
       Royal jelly       |       |       |     1 |       ||     1
       Bread ration      |       |       |     1 |       ||     1
